TOP OF THE 1ST |
Coweta HS Tigers batting - Pitching for Broken Arrow HS : LHP Arnie Smeddon
|
Pitching: LHP Arnie Smeddon
|
|
Batting: RHB Matt Vargas
|
0-0: Ball 1-0: Ball 2-0: Called Strike 2-1: Ball 3-1: Base on Balls
|
Batting: LHB Jim Clemente
|
0-0: Called Strike 0-1: Grounds into double play, 6-4-3 (Groundball, 6)
|
Batting: RHB José Cisneros
|
0-0: Ball 1-0: Swinging Strike 1-1: Foul Ball, location: 2F 1-2: Ground out 5-3 (Groundball, 5L)
|
Top of the 1st over - 0 run(s), 0 hit(s), 0 error(s), 0 left on base; Coweta HS 0 - Broken Arrow HS 0 |
BOTTOM OF THE 1ST |
Broken Arrow HS batting - Pitching for Coweta HS Tigers : RHP Eddie Connors
|
Pitching: RHP Eddie Connors
|
|
Batting: RHB Irwin Robinson
|
0-0: Foul Ball, location: 2F 0-1: Ball 1-1: Called Strike 1-2: Foul Ball, location: 2F 1-2: Foul Ball, location: 2F 1-2: SOLO HOME RUN (Flyball, 78XD), Distance : 419 ft
|
Batting: RHB Víctor León
|
0-0: Ground out 5-3 (Groundball, 56S)
|
Batting: LHB Tim Ramsey
|
0-0: Fly out, F7 (Flyball, 78D)
|
Batting: RHB Robert Cannon
|
0-0: Foul Ball, location: 2F 0-1: Ground out 6-3 (Groundball, 6)
|
Bottom of the 1st over - 1 run(s), 1 hit(s), 0 error(s), 0 left on base; Coweta HS 0 - Broken Arrow HS 1 |
TOP OF THE 2ND |
Coweta HS Tigers batting - Pitching for Broken Arrow HS : LHP Arnie Smeddon
|
Batting: RHB Héctor Vázquez
|
0-0: Ball 1-0: Called Strike 1-1: Ball 2-1: Ball 3-1: Base on Balls
|
Batting: RHB Pat Fernández
|
0-0: Called Strike 0-1: Ball 1-1: Foul Ball, location: 2F 1-2: Strikes out looking
|
Batting: RHB Ramiro Javier
|
0-0: Called Strike 0-1: Ball 1-1: Fielders Choice at 2nd, 6-4 (Groundball, 6M)
|
Batting: RHB Phil Shaw
|
0-0: Ball 1-0: Ball 2-0: Called Strike 2-1: Called Strike 2-2: Ball 3-2: Foul Ball, location: 2F 3-2: Base on Balls Ramiro Javier to second
|
Batting: RHB Leonard Martínez
|
0-0: Ball 1-0: Foul Ball, location: 2F 1-1: Swinging Strike 1-2: Strikes out swinging
|
Top of the 2nd over - 0 run(s), 0 hit(s), 0 error(s), 2 left on base; Coweta HS 0 - Broken Arrow HS 1 |
BOTTOM OF THE 2ND |
Broken Arrow HS batting - Pitching for Coweta HS Tigers : RHP Eddie Connors
|
Batting: RHB Júlio Hobbs
|
0-0: Called Strike 0-1: Ball 1-1: SINGLE (Groundball, 6MD)
|
Batting: RHB David Ward
|
0-0: Ball 1-0: Ball 2-0: Ball 3-0: Called Strike 3-1: Base on Balls Júlio Hobbs to second
|
Batting: RHB Rubén Hernández
|
0-0: Grounds into double play, 4-6-3 (Groundball, 4) Júlio Hobbs to third
|
Batting: LHB Jon Jackson
|
0-0: Ball 1-0: Called Strike 1-1: Ball 2-1: Ball 3-1: Base on Balls
|
Batting: LHB Frank Vázquez
|
0-0: Ground out U3 (Groundball, 3L)
|
Bottom of the 2nd over - 0 run(s), 1 hit(s), 0 error(s), 2 left on base; Coweta HS 0 - Broken Arrow HS 1 |
TOP OF THE 3RD |
Coweta HS Tigers batting - Pitching for Broken Arrow HS : LHP Arnie Smeddon
|
Batting: RHB Joe LaFontaine
|
0-0: Called Strike 0-1: Foul Ball, location: 2F 0-2: Strikes out swinging
|
Batting: RHB Matt Vargas
|
0-0: Ball 1-0: Ball 2-0: Called Strike 2-1: Ball 3-1: SINGLE (Groundball, 4M)
|
Batting: LHB Jim Clemente
|
0-0: Ball 1-0: Ball 2-0: Called Strike 2-1: Foul Ball, location: 2F 2-2: Fly out, F7 (Flyball, 78M)
|
Batting: RHB José Cisneros
|
0-0: Ball 1-0: Ball 2-0: Called Strike 2-1: Called Strike 2-2: Foul Ball, location: 2F 2-2: Strikes out swinging
|
Top of the 3rd over - 0 run(s), 1 hit(s), 0 error(s), 1 left on base; Coweta HS 0 - Broken Arrow HS 1 |
BOTTOM OF THE 3RD |
Broken Arrow HS batting - Pitching for Coweta HS Tigers : RHP Eddie Connors
|
Batting: RHB Irwin Robinson
|
0-0: Called Strike 0-1: SINGLE (Groundball, 25) (infield hit)
|
Batting: RHB Víctor León
|
0-0: Ball 1-0: Grounds into double play, 6-4-3 (Groundball, 6)
|
Batting: LHB Tim Ramsey
|
0-0: Ball 1-0: SINGLE (Line Drive, 8RS)
|
Batting: RHB Robert Cannon
|
0-0: Called Strike 0-1: Ball 1-1: Called Strike 1-2: Hit by Pitch Tim Ramsey to second
|
Batting: RHB Júlio Hobbs
|
0-0: Called Strike 0-1: Ball 1-1: SINGLE (Line Drive, 89S) Tim Ramsey to third Robert Cannon to second
|
Batting: RHB David Ward
|
0-0: Called Strike 0-1: Foul Ball, location: 2F 0-2: Ball 1-2: Ground out 5-3 (Groundball, 5S)
|
Bottom of the 3rd over - 0 run(s), 3 hit(s), 0 error(s), 3 left on base; Coweta HS 0 - Broken Arrow HS 1 |
TOP OF THE 4TH |
Coweta HS Tigers batting - Pitching for Broken Arrow HS : LHP Arnie Smeddon
|
Batting: RHB Héctor Vázquez
|
0-0: Ball 1-0: Called Strike 1-1: Ball 2-1: Ball 3-1: Foul Ball, location: 2F 3-2: Strikes out swinging
|
Batting: RHB Pat Fernández
|
0-0: Foul Ball, location: 2F 0-1: Ball 1-1: Called Strike 1-2: Hit by Pitch
|
Batting: RHB Ramiro Javier
|
0-0: Ball 1-0: Called Strike 1-1: Foul Ball, location: 2F 1-2: Strikes out swinging
|
Batting: RHB Phil Shaw
|
0-0: Called Strike 0-1: Called Strike 0-2: Ball 1-2: Ball 2-2: SINGLE (Popup, 4) Pat Fernández to second Throwing error, E9 Pat Fernández scores Phil Shaw to second
|
Batting: RHB Leonard Martínez
|
0-0: Called Strike 0-1: Ball 1-1: Ball 2-1: Ball 3-1: Called Strike 3-2: Base on Balls
|
Batting: RHB Joe LaFontaine
|
0-0: Foul Ball, location: 2F 0-1: Ball 1-1: SINGLE (Line Drive, 78S) Phil Shaw to third Leonard Martínez to second Runner from 3rd tries for Home, SAFE, no throw or cutoff
|
Pitching: LHP Tim Jones
|
|
Batting: RHB Matt Vargas
|
0-0: Called Strike 0-1: Ball 1-1: Reached on error, E6 (Groundball, 6M) Leonard Martínez to third Joe LaFontaine to second
|
Batting: LHB Jim Clemente
|
0-0: Fly out, F2 (Popup, 2LF)
|
Top of the 4th over - 2 run(s), 2 hit(s), 2 error(s), 3 left on base; Coweta HS 2 - Broken Arrow HS 1 |
BOTTOM OF THE 4TH |
Broken Arrow HS batting - Pitching for Coweta HS Tigers : RHP Eddie Connors
|
Batting: RHB Rubén Hernández
|
0-0: Ball 1-0: Ball 2-0: Ball 3-0: Called Strike 3-1: Base on Balls
|
Batting: LHB Jon Jackson
|
0-0: Called Strike 0-1: Swinging Strike 0-2: Ball 1-2: Ball 2-2: Ball 3-2: Base on Balls Rubén Hernández to second
|
Batting: LHB Frank Vázquez
|
0-0: Called Strike 0-1: Swinging Strike 0-2: Strikes out swinging
|
Batting: RHB Irwin Robinson
|
0-0: Called Strike 0-1: Swinging Strike 0-2: Ball 1-2: Ball 2-2: SINGLE (Flyball, 89S) Rubén Hernández to third Jon Jackson to second
|
Batting: RHB Víctor León
|
0-0: Ball Passed Ball! Rubén Hernández scores Jon Jackson to third Irwin Robinson to second 1-0: Ball 2-0: Fly out, F9 (Flyball, 89S)
|
Batting: LHB Tim Ramsey
|
0-0: Swinging Strike 0-1: SINGLE (Flyball, 78S) Jon Jackson scores Irwin Robinson to third
|
Batting: RHB Robert Cannon
|
0-0: Ball 1-0: Ball 2-0: Ball 3-0: Called Strike 3-1: Base on Balls Tim Ramsey to second
|
Batting: RHB Júlio Hobbs
|
0-0: Foul Ball, location: 2F 0-1: DOUBLE (Line Drive, 7LM) Irwin Robinson scores Tim Ramsey scores Robert Cannon to third Runner from 3rd tries for Home, SAFE, no throw or cutoff
|
Batting: RHB David Ward
|
0-0: Called Strike 0-1: Foul Ball, location: 2F 0-2: Ground out 6-3 (Groundball, 6M)
|
Bottom of the 4th over - 5 run(s), 3 hit(s), 0 error(s), 1 left on base; Coweta HS 2 - Broken Arrow HS 6 |
TOP OF THE 5TH |
Coweta HS Tigers batting - Pitching for Broken Arrow HS : LHP Tim Jones
|
Batting: RHB José Cisneros
|
0-0: Called Strike 0-1: Ball 1-1: Foul Ball, location: 2F 1-2: Foul Ball, location: 2F 1-2: Foul Ball, location: 2F 1-2: Fly out, F9 (Flyball, 89M)
|
Batting: RHB Héctor Vázquez
|
0-0: Ball 1-0: Foul Ball, location: 2F 1-1: Ball 2-1: Foul Ball, location: 2F 2-2: Strikes out looking
|
Batting: RHB Pat Fernández
|
0-0: Ball 1-0: Foul Ball, location: 2F 1-1: Swinging Strike 1-2: SINGLE (Groundball, 56D)
|
Batting: RHB Ramiro Javier
|
0-0: Swinging Strike 0-1: Ball 1-1: Swinging Strike 1-2: Ball 2-2: Foul Ball, location: 2F 2-2: SINGLE (Line Drive, 6M) Pat Fernández to second
|
Batting: RHB Phil Shaw
|
0-0: Swinging Strike 0-1: Called Strike 0-2: Ball 1-2: Foul Ball, location: 2F 1-2: Strikes out swinging
|
Top of the 5th over - 0 run(s), 2 hit(s), 0 error(s), 2 left on base; Coweta HS 2 - Broken Arrow HS 6 |
BOTTOM OF THE 5TH |
Broken Arrow HS batting - Pitching for Coweta HS Tigers : RHP Eddie Connors
|
Batting: RHB Rubén Hernández
|
0-0: Foul Ball, location: 2F 0-1: Called Strike 0-2: Ball 1-2: Fly out, F3 (Popup, 3SF)
|
Pitching: RHP Wade Stover
|
|
Batting: LHB Jon Jackson
|
0-0: Ball 1-0: Ball 2-0: Ball 3-0: Base on Balls
|
Batting: LHB Frank Vázquez
|
0-0: Ball 1-0: Called Strike 1-1: Grounds into double play, 6-4-3 (Groundball, 6M)
|
Bottom of the 5th over - 0 run(s), 0 hit(s), 0 error(s), 0 left on base; Coweta HS 2 - Broken Arrow HS 6 |
TOP OF THE 6TH |
Coweta HS Tigers batting - Pitching for Broken Arrow HS : LHP Tim Jones
|
Batting: RHB Leonard Martínez
|
0-0: Called Strike 0-1: Ball 1-1: Ball 2-1: Ball 3-1: Base on Balls
|
Batting: RHB Joe LaFontaine
|
0-0: Called Strike 0-1: Ball 1-1: Fly out, F1 (Line Drive, 15)
|
Batting: RHB Matt Vargas
|
0-0: Ball 1-0: Ball 2-0: Ball Wild Pitch! Leonard Martínez to second 3-0: Called Strike 3-1: Foul Ball, location: 2F 3-2: Base on Balls
|
Batting: LHB Jim Clemente
|
0-0: Swinging Strike 0-1: Foul Ball, location: 2F 0-2: Ball 1-2: Ball 2-2: Ball 3-2: Foul Ball, location: 2F 3-2: Foul Ball, location: 2F 3-2: SINGLE (Groundball, 56) Leonard Martínez to third Matt Vargas to second Runner from 3rd tries for Home, SAFE, throw made home
|
Pitching: RHP Roberto Solís
|
|
Batting: RHB José Cisneros
|
0-0: Ball 1-0: Ball 2-0: SINGLE (Line Drive, 5D) Matt Vargas to third Jim Clemente to second Runner from 3rd tries for Home, SAFE, no throw or cutoff
|
Batting: RHB Héctor Vázquez
|
0-0: Ball 1-0: Ball 2-0: SINGLE (Line Drive, 34D) Jim Clemente to third José Cisneros to second Runner from 3rd tries for Home, SAFE, throw made home
|
Batting: RHB Pat Fernández
|
0-0: Swinging Strike 0-1: Ball 1-1: Ball 2-1: Called Strike 2-2: Ball 3-2: Strikes out swinging
|
Batting: RHB Ramiro Javier
|
0-0: Ball 1-0: Ball 2-0: Fly out, F7 (Flyball, 78XD)
|
Top of the 6th over - 3 run(s), 3 hit(s), 0 error(s), 2 left on base; Coweta HS 5 - Broken Arrow HS 6 |
BOTTOM OF THE 6TH |
Broken Arrow HS batting - Pitching for Coweta HS Tigers : RHP Wade Stover
|
Batting: RHB Irwin Robinson
|
0-0: Ball 1-0: Ball 2-0: Foul Ball, location: 2F 2-1: Foul Ball, location: 2F 2-2: Ball 3-2: Foul Ball, location: 2F 3-2: Base on Balls
|
Batting: RHB Víctor León
|
0-0: Called Strike 0-1: Fielders Choice at 2nd, 6-4 (Groundball, 56)
|
Batting: LHB Tim Ramsey
|
0-0: Fly out, F8 (Flyball, 8LD)
|
Batting: RHB Robert Cannon
|
0-0: Ball 1-0: Called Strike Víctor León steals 2nd base 1-1: DOUBLE (Line Drive, 8RM) Víctor León scores
|
Batting: RHB Júlio Hobbs
|
0-0: Called Strike 0-1: Swinging Strike 0-2: Ball 1-2: Ball 2-2: Foul Ball, location: 2F 2-2: Strikes out looking
|
Bottom of the 6th over - 1 run(s), 1 hit(s), 0 error(s), 1 left on base; Coweta HS 5 - Broken Arrow HS 7 |
TOP OF THE 7TH |
Coweta HS Tigers batting - Pitching for Broken Arrow HS : RHP Roberto Solís
|
Batting: RHB Phil Shaw
|
0-0: Ball 1-0: Ball 2-0: Ball 3-0: Base on Balls
|
Batting: RHB Leonard Martínez
|
0-0: Sac Bunt - play at second, runner OUT! 1-6
|
Batting: RHB Joe LaFontaine
|
0-0: Swinging Strike 0-1: Ball 1-1: Foul Ball, location: 2F 1-2: Grounds into double play, 5-4-3 (Groundball, 5)
|
Top of the 7th over - 0 run(s), 0 hit(s), 0 error(s), 0 left on base; Coweta HS 5 - Broken Arrow HS 7 |
BOTTOM OF THE 7TH |
Broken Arrow HS batting - Pitching for Coweta HS Tigers : RHP Wade Stover
|
Batting: RHB David Ward
|
0-0: Called Strike 0-1: Foul Ball, location: 2F 0-2: Ball 1-2: Foul Ball, location: 2F 1-2: Strikes out swinging
|
Pitching: RHP Billy Davis
|
|
Batting: RHB Rubén Hernández
|
0-0: SINGLE (Line Drive, 7LS)
|
Batting: LHB Jon Jackson
|
0-0: SINGLE (Line Drive, 6D) Rubén Hernández to second
|
Batting: LHB Frank Vázquez
|
0-0: Foul Ball, location: 2F 0-1: Ball 1-1: Ball 2-1: Ball 3-1: Base on Balls Rubén Hernández to third Jon Jackson to second
|
Batting: RHB Irwin Robinson
|
0-0: Ball 1-0: Ball Wild Pitch! Rubén Hernández scores Jon Jackson to third Frank Vázquez to second 2-0: SINGLE (Groundball, 56) Jon Jackson scores Frank Vázquez to third
|
Batting: RHB Víctor León
|
0-0: Ball 1-0: Ball 2-0: Ball 3-0: Base on Balls Irwin Robinson to second
|
Batting: LHB Tim Ramsey
|
0-0: Ball 1-0: Called Strike 1-1: Foul Ball, location: 2F 1-2: Fly out, F7 (Popup, 78S)
|
Batting: RHB Robert Cannon
|
0-0: Foul Ball, location: 2F 0-1: Ball 1-1: Ball 2-1: Ball 3-1: Base on Balls Frank Vázquez scores Irwin Robinson to third Víctor León to second
|
Batting: RHB Júlio Hobbs
|
0-0: Foul Ball, location: 2F 0-1: Ball 1-1: Ball 2-1: Called Strike 2-2: Strikes out looking
|
Bottom of the 7th over - 3 run(s), 3 hit(s), 0 error(s), 3 left on base; Coweta HS 5 - Broken Arrow HS 10 |
TOP OF THE 8TH |
Coweta HS Tigers batting - Pitching for Broken Arrow HS : RHP Roberto Solís
|
Now at 2B: Sean Brown
|
|
Now in CF: Shayne Garneau
|
|
Batting: RHB Matt Vargas
|
0-0: Fly out, F7 (Flyball, 7LD)
|
Pitching: LHP Raúl Rivas
|
|
Batting: LHB Jim Clemente
|
0-0: Ball 1-0: Ball 2-0: Called Strike 2-1: Foul Ball, location: 2F 2-2: Strikes out swinging
|
Batting: RHB José Cisneros
|
0-0: Ball 1-0: Fly out, F5 (Line Drive, 56S)
|
Top of the 8th over - 0 run(s), 0 hit(s), 0 error(s), 0 left on base; Coweta HS 5 - Broken Arrow HS 10 |
BOTTOM OF THE 8TH |
Broken Arrow HS batting - Pitching for Coweta HS Tigers : RHP Billy Davis
|
Batting: RHB David Ward
|
0-0: Foul Ball, location: 2F 0-1: Foul Ball, location: 2F 0-2: Ball 1-2: Fly out, F4 (Line Drive, 4)
|
Batting: RHB Rubén Hernández
|
0-0: Ball 1-0: Ball 2-0: Called Strike 2-1: Ball 3-1: Base on Balls
|
Pitching: LHP Jason Smith
|
|
Batting: LHB Jon Jackson
|
0-0: SINGLE (Line Drive, 89S) Rubén Hernández to second
|
Batting: LHB Frank Vázquez
|
0-0: Called Strike 0-1: Ball 1-1: Ball 2-1: Ball Wild Pitch! Rubén Hernández to third Jon Jackson to second 3-1: Called Strike 3-2: Base on Balls
|
Batting: RHB Irwin Robinson
|
0-0: Called Strike 0-1: Ball 1-1: Fly out, F3 (Popup, 3S)
|
Batting: SHB Sean Brown
|
0-0: SINGLE (Groundball, 4M) Rubén Hernández scores Jon Jackson to third Frank Vázquez to second Runner from 3rd tries for Home, SAFE, no throw or cutoff
|
Batting: RHB Shayne Garneau
|
0-0: Ball 1-0: Ground out 5-3 (Groundball, 5S)
|
Bottom of the 8th over - 2 run(s), 2 hit(s), 0 error(s), 2 left on base; Coweta HS 5 - Broken Arrow HS 12 |
TOP OF THE 9TH |
Coweta HS Tigers batting - Pitching for Broken Arrow HS : LHP Raúl Rivas
|
Now at SS: Ray Foley
|
|
Batting: RHB Héctor Vázquez
|
0-0: Ground out 1-3 (Groundball, 15)
|
Batting: RHB Pat Fernández
|
0-0: Called Strike 0-1: Foul Ball, location: 2F 0-2: Ball 1-2: Ball 2-2: Strikes out swinging
|
Batting: RHB Ramiro Javier
|
0-0: Ball 1-0: Foul Ball, location: 2F 1-1: Called Strike 1-2: Ball 2-2: Foul Ball, location: 2F 2-2: Foul Ball, location: 2F 2-2: Foul Ball, location: 2F 2-2: Strikes out looking
|
Top of the 9th over - 0 run(s), 0 hit(s), 0 error(s), 0 left on base; Coweta HS 5 - Broken Arrow HS 12 |
|